Zazza, neutral female human Tourist ---------------- ----------- ----------- |..............| |..{.......##########|..(......| +.f..@h........| |.........| #|.........| |...........<..-` |.........| #|.......... -------------.--# |..........# #|.........| ########### # |.........|# #------.---- # # |.........|# #################################### # -----------# # -.-.-- # # ### # |....| ### # # |....| # ### # ###.....-#############------- # # |....|#############...>..| ###---------.- |....|# ###|.....| #..........| |....|# #......| |.._......| ------# |.....| |..........################### ------- ----------- Zazza the Rambler Experience level: 1 Strength: 11 Dexterity: 11 Constitution: 17 Intelligence: 10 Wisdom: 8 Charisma: 18 Health: 0(10) Energy: 2(2) Def: 1 Gold: 0 Moves: 1442 Dungeon seed: 4sq8Y5gE4ToNDGkX Game ID: Zazza_1570376876 Your Inventory: Weapons a - 32 +2 darts (in quiver) p - 2 +0 daggers s - a +0 orcish dagger u - a +0 long sword (weapon in hand) Armor e - an uncursed +0 Hawaiian shirt (being worn) y - an uncursed +0 orcish helm (being worn) Comestibles b - an uncursed orange r - an uncursed clove of garlic D - an uncursed apple G - an uncursed food ration K - an uncursed fortune cookie P - an uncursed cream pie Q - an uncursed lichen corpse Scrolls o - an uncursed scroll of remove curse E - a blessed scroll of charging I - an uncursed scroll of light M - an uncursed scroll of destroy armor Potions j - 3 uncursed potions of extra healing w - an uncursed potion of fruit juice x - a blessed potion of booze J - an uncursed potion of monster detection L - a blessed potion of sickness T - an uncursed potion of healing Rings t - an uncursed ring of sustain ability (on left hand) Wands v - a wand of magic missile (0:6) Tools m - an expensive camera (0:64) n - an uncursed credit card Spells and supernatural/magical abilities: Name Level Category Fail Memory W - pray for help -- divine ? -- Your skills at the end: Fighting Skills Weapon Skills dart [Basic] Spellcasting Skills Final Attributes: You were stridently aligned. You had fixed abilities. You are dead. Vanquished creatures: 2 jackals a fox a kobold a goblin a sewer rat 3 grid bugs 3 lichens a kobold zombie 4 newts 17 creatures vanquished. Voluntary challenges: You were an atheist. You used a wielded weapon 10 times, starting on turn 116. You were illiterate. You never genocided any monsters. You never polymorphed an object. You never changed form. You used no wishes. You never split a pudding. You never wrote Elbereth's name. You never violated your personal moral code. Dungeon overview: The Dungeons of Doom: levels 1 to 3 Level 1 a long staircase Level 2 a general store, some fountains Level 3 <- You were here an altar to The Lady, a fountain History has recorded: On T:1 you entered the Dungeons of Doom to retrieve the Amulet of Yendor! On T:404 you reached level 2 of The Dungeons of Doom. On T:1102 you reached level 3 of The Dungeons of Doom. Score breakdown: Gold: 0 ( 0 points) Experience: 1 level ( 0 points) Exploration: 3 levels ( 6.00%) ( 6060 points) Discoveries: 3 items ( 1.01%) ( 3010 points) Valuables value: (no points given unless you survive) Artifact value: 0 ( 0 points) Variety of kills: 9 monsters ( 2.36%) ( 4610 points) Turncount: 1442 turns ( 0 points) Survival: died (score multiplied by 80%) Total score: 10944 Latest messages: T - a milky potion. There is an altar to The Lady (neutral) here. There's some graffiti on the floor here. You read: "Ple se don't feed he animals.". You displace Armand. You hear the splashing of a naiad. You displace Armand. The hobbit throws a dagger! The dagger hits Armand. Armand picks up a dagger. Armand drops a dagger. You see here a dagger. p - a dagger. You displace Armand. You hit the hobbit! You miss the hobbit. The hobbit hits! You hit the hobbit. The hobbit hits! You miss the hobbit. The hobbit hits! You die... Final status: Aloha Zazza the Tourist, killed by a hobbit... You died in The Dungeons of Doom on dungeon level 3 with 10944 points, and 0 pieces of gold, after 1442 moves. You were level 1 with a maximum of 10 hit points when you died.